 Dungeon Sprint DCSS version 0.23-a0-650-ga4d50d4d25 (webtiles) character file.

19 Adamkad1 the Caller (level 2, 0/22 HPs)
             Began as a Deep Dwarf Summoner on Jan 5, 2019.
             Slain by a human (7 damage)
             ... in the Dungeon (Sprint III: "The Ten Rune Challenge").
             The game lasted 00:00:34 (97 turns).

Adamkad1 the Caller (Deep Dwarf Summoner)             Turns: 97, Time: 00:00:35

Health: 0/22       AC:  2    Str: 11    XL:     2   Next: 55%
Magic:  0/5        EV: 13    Int: 15    God:
Gold:   0          SH:  0    Dex: 13    Spells: 5/6 levels left

rFire    . . .     SeeInvis .   (no weapon)
rCold    . . .     Gourm    .   (no shield)
rNeg     . . .     Faith    .   a - +0 robe
rPois    .         Spirit   .   (no helmet)
rElec    .         Reflect  .   (no cloak)
rCorr    .         Harm     .   (no gloves)
MR       .....     NoTele   +   (no boots)
Stlth    +++.......             (no amulet)
HPRegen  0.00/turn              (no ring)
MPRegen  0.09/turn              (no ring)

@: very slightly contaminated, non-regenerating
A: damage resistance, heal wounds, sense surroundings 1, no regeneration
a: Heal Wounds


You were in the Dungeon.
You were not hungry.

You visited 1 branch

Inventory:

Armour
 a - a +0 robe (worn)
Scrolls
 i - a scroll of blinking
 j - a scroll of identify {unknown}
Potions
 d - a potion of curing
 e - a potion of heal wounds
 f - a potion of haste
 g - 2 potions of magic
 h - a potion of berserk rage
Comestibles
 b - 2 chunks of flesh
 c - a ration


   Skills:
 + Level 3.5 Dodging
 + Level 4.2 Stealth
 + Level 2.7 Spellcasting
 + Level 4.3 Summonings


You had 5 spell levels left.
You knew the following spells:

 Your Spells              Type           Power        Failure   Level  Hunger
a - Summon Small Mammal   Summ           ###.         3%          1    #......

Your spell library contained the following spells:

 Spells                   Type           Power        Failure   Level  Hunger
 Call Imp                 Summ           ###.....     5%          2    ##.....
 Call Canine Familiar     Summ           ###.....     11%         3    ###....
 Summon Guardian Golem    Hex/Summ       #.......     26%         3    ###....
 Summon Ice Beast         Ice/Summ       #.......     63%         4    #####..
 Summon Lightning Spire   Summ/Air       #.......     63%         4    #####..


Dungeon Overview and Level Annotations

Branches:
Dungeon (1/1)

Altars:


Innate Abilities, Weirdness & Mutations

You are resistant to damage.
You can heal yourself by infusing magical energy.
You passively map a small area around you.
You do not regenerate.


Message History

Your bat is poisoned.
The scorpion poisons your bat!
Your bat barely misses the scorpion.
Your bat dies!
Your bat's corpse disappears in a puff of smoke!
The scorpion stings your bat!
Your bat dies!
Your bat's corpse disappears in a puff of smoke!
The scorpion stings you.
Casting: Summon Small Mammal (safe; 3% risk of failure)
Confirm with . or Enter, or press ? or * to list all spells.
You miscast Summon Small Mammal.
You are very lightly contaminated with residual magic.
Nothing appears to happen.
The scorpion stings you!
Casting: Summon Small Mammal (safe; 3% risk of failure)
Confirm with . or Enter, or press ? or * to list all spells.
You don't have enough magic to cast that spell.
Unknown command.
The human hits you but does no damage. The scorpion stings you.
You barely miss the human. The human hits you!
You die...

▓▓▓▓▓▓▓▓▓ *
▓<..#[..#### * *
▓...#......##*
▓..##..)....# , .#
▓##.##.##...#,, .#
+ ##.##.###..# +
..# ,,
▓#.####.##..# ...+
, ▓.###..##@.##
#p..#, *
▓#....r##ps#
#....#
###÷.##...##.....#
*_
##..##....#......#
*
#..###..##.#.....#
_ #..#
#..*####....# ▓▓▓▓
▓▓▓ *▓▓▓▓▓ ≈ ,≈ ≈≈
, ≈≈≈ *


You could see a human and a scorpion.

Vanquished Creatures (collateral kills)
  Jessica (D)
  An ooze (D)
  2 rats (D)
4 creatures vanquished.

Vanquished Creatures (others)
  A yaktaur (D)
1 creature vanquished.

Grand Total: 5 creatures vanquished

Notes
Turn   | Place    | Note
-------+----------+-------------------------------------------
     0 | D        | Adamkad1 the Deep Dwarf Summoner began the quest for the
                  | Orb.
     0 | D        | Reached XP level 1. HP: 15/15 MP: 3/3
    32 | D        | Noticed Jessica
    47 | D        | Killed a yaktaur
    52 | D        | Killed Jessica
    52 | D        | Reached XP level 2. HP: 16/22 MP: 0/5
    80 | D        | Noticed a scorpion
    97 | D        | Slain by a human

Vault maps used:
D:        dungeon_sprint_mu

Skill      XL: |  1 |
---------------+----+-----
Stealth        | 4 |  4.2
Spellcasting   | 2 |  2.7
Dodging        | 3 |  3.5
Summonings     | 4 |  4.3

Action                   || total
-------------------------++-------
Melee: Unarmed           ||    13
 Cast: Summon Small Mamm ||     8
Armor: Robe              ||     1
Dodge: Dodged            ||     8

Table legend:
 A = Non-vault XP
 B = Vault XP
 C = Vault XP percentage of total XP
 D = Non-vault monster count
 E = Vault monster count
 F = Vault count percentage of total count
                 A         B        C        D         E       F
            +---------+---------+-------+---------+---------+-------
      Total |       0 |      28 | 100.0 |       0 |       4 | 100.0
            +---------+---------+-------+---------+---------+-------
          D |       0 |      28 | 100.0 |       0 |       4 | 100.0
            +---------+---------+-------+---------+---------+-------
